 Dungeon Crawl Stone Soup version 0.21-a0-41-g5e91fef (webtiles) character file.

248 HAL9000 the Cutter (level 6, -1/30 HPs)
             Began as a Vine Stalker Assassin on June 4, 2017.
             Slain by Grinder (3 damage)
             ... while paralysed by Grinder
             ... on level 4 of the Dungeon.
             The game lasted 00:05:26 (2718 turns).

HAL9000 the Cutter (Vine Stalker Assassin)          Turns: 2718, Time: 00:05:27

Health: -1/30      AC:  5    Str: 13    XL:     6   Next: 12%
Magic:  0/7        EV:  2    Int: 11    God:
Gold:   139        SH:  0    Dex: 18    Spells: 5/5 levels left

rFire    . . .     SeeInvis .   a - +2 dagger
rCold    . . .     Gourm    .   (no shield)
rNeg     . . .     Faith    .   c - +0 robe
rPois    .         Spirit   +   n - +0 helmet
rElec    .         Reflect  .   d - +0 cloak
rCorr    .         Harm     .   (no gloves)
MR       .....                  s - +0 pair of boots
Stlth    +++.......             (no amulet)
Regen    0.5/turn               (no ring)
MPRegen  0.1/turn               (no ring)

@: paralysed, lethally poisoned (-1 -> -2)
A: fangs 2, regeneration 1, magic shield, antimagic bite, no potion heal 3, rot
immunity
a: no special abilities


You were on level 4 of the Dungeon.
You were not hungry.

You visited 1 branch of the dungeon, and saw 4 of its levels.

You collected 139 gold pieces.

Inventory:

Hand Weapons
 a - a +2 dagger (weapon)
 b - a +0 blowgun
Missiles
 e - 19 poisoned needles
 r - 3 tomahawks (quivered)
Armour
 c - a +0 robe (worn)
 d - a +0 cloak (worn)
 n - a +0 helmet (worn)
 s - a +0 pair of boots (worn)
Wands
 z - a wand of paralysis (14/24)
Scrolls
 l - a scroll of noise {unknown}
 o - a scroll of blinking {unknown}
 p - 2 scrolls of amnesia
 u - 2 scrolls of magic mapping {unknown}
 v - 3 scrolls of enchant weapon {unknown}
 w - a scroll of remove curse {unknown}
 y - a scroll of teleportation {unknown}
 B - a scroll of fear {unknown}
Potions
 h - a potion of agility {unknown}
 k - a potion of magic {unknown}
 m - 2 potions of curing {unknown}
 t - 2 potions of lignification {unknown}
 x - a potion of resistance {unknown}
 A - a potion of heal wounds {unknown}
 C - a potion of haste {unknown}
Comestibles
 g - 4 bread rations
 i - 4 fruits
 D - 4 chunks of flesh


   Skills:
 - Level 1.7 Fighting
 + Level 5.7 Short Blades
 - Level 1.7 Throwing
 - Level 0.7 Dodging
 - Level 4.8 Stealth


You had 5 spell levels left.
You didn't know any spells.

Dungeon Overview and Level Annotations

Branches:
Dungeon (4/15)
 Temple: D:4-7

Altars:
Sif Muna
Wu Jian

Annotations:
D:4 Grinder; roguesci's ghost, novice DrSk


Innate Abilities, Weirdness & Mutations

You have extremely sharp teeth.
Your natural rate of healing is unusually fast.
When hurt, damage is shared between your health and your magic reserves.
Your bite disrupts and absorbs the magic of your enemies.
Potions cannot restore your health.
You are immune to rotting.


Message History

You shoot a curare-tipped needle. The curare-tipped needle hits Grinder.
You feel sick. Grinder gestures at you. Pain shoots through your body!
Firing (i - inventory. (,) - cycle):
e - 20 poisoned needles (quivered)
Press: ? - help, Shift-Dir - straight line, f/p - Grinder
Aim: Grinder You shoot a poisoned needle.
The poisoned needle hits Grinder.
You feel sick. Grinder barely misses you.
Wield which item (- for none, * to show all)? (? for menu, Esc to quit)
a - a +2 dagger (weapon)
You barely miss Grinder. Your bite misses Grinder.
You feel sick. Grinder gestures at you.
You suddenly lose the ability to move!
Grinder hits you!
You writhe in agony.
You feel sick. Grinder completely misses you.
You feel sick. Grinder hits you!
* * * LOW HITPOINT WARNING * * *
Grinder hits you.
You die...

#.# # #(# .#
#5# .# #. #
#.#..# #.. #.
#.#..##..#
#.###.5..#..#
#†@#.##...#
#.#.5.(..# ..
###....# ##
###..# #..#
#.<#
##.###########
##.##.....#..
#...........


You could see Grinder.

Vanquished Creatures
  An orc wizard (D:4)
  An orc priest (D:3)
  2 worker ants
  Robin (D:2)
  5 adders
  An ooze (D:3)
  2 dart slugs
  A leopard gecko (D:2)
  2 orcs (D:4)
  3 bats
  3 giant cockroaches
  15 goblins
  11 hobgoblins
  6 jackals
  A quokka (D:2)
  A ball python (D:1)
  4 frilled lizards
  8 kobolds
  2 rats
70 creatures vanquished.

Notes
Turn   | Place    | Note
-------+----------+-------------------------------------------
     0 | D:1      | HAL9000 the Vine Stalker Assassin began the quest for the Orb.
     0 | D:1      | Reached XP level 1. HP: 11/11 MP: 2/2
    34 | D:1      | Reached skill level 2 in Short Blades
   111 | D:1      | Reached XP level 2. HP: 9/15 MP: 3/3
   687 | D:1      | Reached skill level 3 in Short Blades
   690 | D:1      | Reached XP level 3. HP: 15/18 MP: 2/4
   747 | D:2      | Noticed Robin
   962 | D:2      | Killed Robin
  1167 | D:2      | Gained mutation: Your natural rate of healing is unusually fast. [Vine Stalker growth]
  1167 | D:2      | Reached XP level 4. HP: 13/23 MP: 2/5
  1284 | D:2      | Reached skill level 4 in Short Blades
  1546 | D:2      | Found a deep blue altar of Sif Muna.
  1970 | D:3      | Reached XP level 5. HP: 26/26 MP: 6/6
  2429 | D:3      | Found an ornate altar of the Wu Jian Council.
  2531 | D:3      | Reached skill level 5 in Short Blades
  2592 | D:4      | Reached XP level 6. HP: 21/30 MP: 5/7
  2611 | D:4      | Noticed roguesci's ghost (novice DrSk)
  2691 | D:4      | Noticed Grinder
  2714 | D:4      | Paralysed by Grinder for 5 turns
  2718 | D:4      | Slain by Grinder

Vault maps used:
D:1:      minmay_arrival_four_houses
D:2:      lemuel_doored_altar, uniq_robin
D:3:      lemuel_coloured_pillars_altar
D:4:      minmay_diamond_boxcup, zin_purify, first_bread,
          minmay_divided_ellipse, uniq_grinder

Skill      XL: |  1  2  3  4  5 |
---------------+----------------+-----
Short Blades   | 2 3 4 5 |  5.7
Fighting       | |  1.7
Throwing       | |  1.7
Dodging        | |  0.7
Stealth        | |  4.8

Action                   |  1- 3 |  4- 6 || total
-------------------------+-------+-------++-------
Melee: Dagger            |    96 |   142 ||   238
       Bite              |    20 |    36 ||    56
 Fire: Blowgun           |     1 |     3 ||     4
  Use: Scroll            |       |     1 ||     1
 Stab: Sleeping          |     2 |     6 ||     8
  Eat: Chunk             |       |     6 ||     6
Armor: Robe              |    15 |    30 ||    45
Dodge: Dodged            |    42 |    53 ||    95
